 Dungeon Crawl Stone Soup version 0.28.0-43-g3370ac3207 (webtiles) character file.

Game seed: 17643456602206614191

10994 bmoney the Fighter (level 12, -2/106 HPs)
             Began as a Djinni Conjurer on Mar 7, 2022.
             Was a Priest of Ashenzari.
             Shot with an arrow by a centaur warrior (24 damage)
             ... on level 10 of the Dungeon on Mar 8, 2022.
             The game lasted 00:36:51 (12676 turns).

bmoney the Fighter (Djinni Conjurer)               Turns: 12676, Time: 00:36:52

Health: -2/106     AC:  4    Str: 12    XL:     12   Next: 2%
Gold:   719        EV: 12    Int: 27    God:    Ashenzari [***...] SH:  0 Dex: 14

rFire   + + .      SeeInvis +   f - +9 mace of Supernal Gnosis {vorpal, Fragile rCorr Int+4, Fort, Self} (curse)
rCold   . . .      Faith    .   (no shield)
rNeg    . . .      Spirit   .   r - +1 robe "Prophetic Burden" {*Corrode rPois Will++ SInv, Melee, Self} (curse)
rPois   ∞          Reflect  .   (no helmet)
rElec   .          Harm     .   j - +0 cloak of the Wild Blue Yonder {Self, Fort} (curse)
rCorr   +          Rampage  .   (no gloves)
Will    +++..      Clarity  +   (boots unavailable)
Stlth   ++........              (no amulet)
HPRegen 0.27/turn               s - ring of the Sublime Ennui {rC+, Fort, Self} (curse)
MPRegen 0.00/turn               x - ring "At What Cost Knowledge?" {Str+6, Range, Self} (curse)

@: freezing walls, flying
A: sickness immunity, fire resistance 2, cold vulnerability 1, float, innate
caster, HP casting, extra vitality 1
a: Renounce Religion, Curse Item, Shatter the Chains


You were on level 10 of the Dungeon.
You worshipped Ashenzari.
Ashenzari was most pleased with you.
You visited 1 branch of the dungeon, and saw 10 of its levels.

You collected 719 gold pieces.

Inventory:

Hand Weapons
 f - the cursed +9 mace of Supernal Gnosis (weapon) {vorpal, Fragile rCorr Int+4, Fort, Self}
   (You found it on level 2 of the Dungeon)

   It inflicts extra damage upon your enemies.
   Int:       It affects your intelligence (+4).
   rCorr:     It protects you from acid and corrosion.
   Fragile:   It will be destroyed if unequipped.
   It has a curse which improves the following skills: Fortitude: Armour and
   Shields.
   Introspection: Fighting and Spellcasting.
Missiles
 l - 47 stones
Armour
 a - a +0 robe
 j - the cursed +0 cloak of the Wild Blue Yonder (worn) {Self, Fort}
   (You found it on level 3 of the Dungeon)

   It has a curse which improves the following skills: Introspection: Fighting
   and Spellcasting.
   Fortitude: Armour and Shields.
 r - the cursed +1 robe "Prophetic Burden" (worn) {*Corrode rPois Will++ SInv, Melee, Self}
   (You found it on level 4 of the Dungeon)

   rPois:     It protects you from poison.
   SInv:      It lets you see invisible.
   *Corrode:  It may corrode you when you take damage.
   Will:      It greatly increases your willpower.
   It has a curse which improves the following skills: Melee Combat: Short
   Blades, Long Blades, Axes, Maces & Flails, Polearms, Staves and Unarmed
   Combat.
   Introspection: Fighting and Spellcasting.
Magical Staves
 d - a staff of conjuration
Jewellery
 s - the cursed ring of the Sublime Ennui (left hand) {rC+, Fort, Self}
   (You found it on level 5 of the Dungeon)

   [ring of protection from cold]

   rC:        It protects you from cold.
   It has a curse which improves the following skills: Fortitude: Armour and
   Shields.
   Introspection: Fighting and Spellcasting.
 x - the cursed ring "At What Cost Knowledge?" (right hand) {Str+6, Range, Self}
   (You found it on level 6 of the Dungeon)

   [ring of strength]

   Str:       It affects your strength (+6).
   It has a curse which improves the following skills: Ranged Combat: Slings,
   Bows, Crossbows and Throwing.
   Introspection: Fighting and Spellcasting.
Wands
 u - a wand of mindburst (10)
 y - a wand of digging (7)
 A - a wand of iceblast (1)
Scrolls
 g - 7 scrolls of enchant armour
 h - 10 scrolls of identify
 k - 2 scrolls of fog
 n - 4 scrolls of teleportation
 p - 2 scrolls of silence
 w - 3 scrolls of enchant weapon
Potions
 b - a potion of brilliance
 e - a potion of ambrosia
 i - a potion of haste
 m - a potion of lignification
 o - a potion of cancellation
 q - 3 potions of mutation
 v - a potion of flight
 z - 3 potions of resistance
 B - a potion of berserk rage


   Skills:
 + Level 12.8(17.4) Fighting
 - Level 2.1 Dodging
 - Level 1.5 Stealth
 + Level 10.6(15.2) Spellcasting


You had 12 spell levels left.
You knew the following spells:

 Your Spells              Type           Power      Damage    Failure   Level
a - Magic Dart            Conj           100%       1d8       0%          1
b - Searing Ray           Conj           100%       2d8       0%          2
c - Dazzling Flash        Conj/Hex       100%       N/A       0%          3
d - Fulminant Prism       Conj/Hex       40%        3d20      1%          4
e - Iskenderun's Mystic   Conj/Tloc      80%        2d16      1%          4
f - Sandblast             Erth           100%       2d20      0%          1
g - Corpse Rot            Necr/Air       100%       N/A       0%          2
h - Frozen Ramparts       Ice            100%       1d12      0%          3
i - Olgreb's Toxic Radia  Pois           80%        N/A       1%          4
j - Irradiate             Conj/Tmut      40%        3d27      1%          5
Your spell library was empty.

Dungeon Overview and Level Annotations

Branches:
Dungeon (10/15)            Temple (0/1) D:7            Lair (0/6) D:10
    Orc: D:9-12

Altars:
Ashenzari
Fedhas
Kikubaaqudgha
Qazlal

Annotations:
D:6 3 runed translucent doors, Jenx's ghost, novice TrMo
D:10 3 runed translucent doors, Minsecho's ghost, journeyman OpBr


Innate Abilities, Weirdness & Mutations

You are immune to sickness and miasma.
You are immune to poison.
Your flesh is very heat resistant. (rF++)
You are vulnerable to cold. (rC-)
You float through the air rather than walking.
You learn spells naturally, not from books.
Your magical power is your life essence.
You have superior vitality. (+4 MHP)


Message History

The centaur warrior shoots an arrow.
The arrow closely misses you.
There is an open door here.
You reach down and close the door.
Casting: Olgreb's Toxic Radiance (safe; 1% risk of failure)
Confirm with . or Enter, or press ? or * to list all spells.
You can't see any susceptible monsters within range! (Use Z to cast anyway.)
Casting: Olgreb's Toxic Radiance (safe; 1% risk of failure)
Confirm with . or Enter, or press ? or * to list all spells.
There is nothing fresh enough to decay nearby.
Casting: Corpse Rot (safe; 0% risk of failure)
Confirm with . or Enter, or press ? or * to list all spells.
You can't see any susceptible monsters within range! (Use Z to cast anyway.)
Casting: Corpse Rot (safe; 0% risk of failure)
Confirm with . or Enter, or press ? or * to list all spells.
There is nothing fresh enough to decay nearby.
Casting: Corpse Rot (safe; 0% risk of failure)
Confirm with . or Enter, or press ? or * to list all spells.
You can't see any susceptible monsters within range! (Use Z to cast anyway.)
Casting: Corpse Rot (safe; 0% risk of failure)
Confirm with . or Enter, or press ? or * to list all spells.
Casting: Frozen Ramparts (safe; 0% risk of failure)
Press: ? - help, Dir - look around, f - activate The walls around you are covered in ice.
Your toxic aura wanes.
A centaur warrior opens the door.
The wall freezes the centaur warrior.
The centaur warrior shoots an arrow.
The arrow hits you!!
* * * LOW HITPOINT WARNING * * *
The arrow freezes you!
* * * LOW HITPOINT WARNING * * *
You feel better.
The wall freezes the centaur warrior.
The centaur warrior shoots an arrow.
The arrow closely misses you.
As you read the scroll of fear, it crumbles to dust.
You assume a fearsome visage.
The centaur warrior looks frightened!
A centaur warrior comes into view.
The wall freezes the centaur warrior.
Your attack snaps the centaur warrior out of its fear.
The centaur warrior shoots an arrow.
The arrow barely misses you.
The wall freezes the centaur warrior.
The centaur warrior shoots an arrow.
The arrow hits you!!
You die...

#.##.##.###
..#.###.###.#.#
#.##.# .,
####.........#.#
..##.# * #, *
#####.#####.# ####.#
, ,#.........#.##
.....# { * #
#.#######.#..#####
#..#.# #{
,#.#)#.c..c#.#.......
#..#.#.#* *,*#.#.#c#
#.#.#.#### .......#*
,
#...'.#∆'{#...#.#...
#....#.#* *,*#.#@#.#
{#.#.#.#.#.
...#.#.#,***
#.#.#..., #.#.#.#.#.
##...# # *
.,#.#####*#.#.#.#.#.
###..#,, ,.. #..,,,
..#.#.#... .....# ##*
### *###.......
###..# , ,, , {
{#..####. *#.# , ,
,,, , *#.##.... * *.#
, , {#.##.##. , , * ,
* ,, #.##.##.


You could see 2 centaur warriors.

Vanquished Creatures
  A centaur warrior (D:10)
  A death knight (D:10)
  2 two-headed ogres
  Maurice (D:9)
  3 kobold demonologists
  A komodo dragon (D:7)
  2 hornets
  A shadow (D:10)
  The ghost of Jingleheimer the Sneak, an amateur VSEn (D:5)
  6 yaks
  Sigmund (D:4)
  A wraith (D:10)
  A wyvern (D:9)
  Eustachio (D:4)
  A basilisk (D:10)
  2 steam dragons
  A water moccasin (D:8)
  Duvessa (D:4)
  3 ice beasts
  A necrophage (D:5)
  2 orc warriors (D:8)
  A sky beast (D:7)
  3 black bears
  3 ogres
  A centaur (D:10)
  4 kobold brigands
  2 scorpions
  2 bullfrogs
  A wyvern zombie (D:5)
  2 gnoll sergeants (D:8)
  Dowan (D:4)
  13 killer bees
  4 howler monkeys
  3 wights (D:4)
  A jelly (D:5)
  A bullfrog zombie (D:5)
  5 centaur zombies
  4 hounds
  2 orc priests
  A bullfrog skeleton (D:6)
  6 iguanas
  6 orc wizards
  A hound skeleton (D:4)
  A howler monkey zombie (D:8)
  10 gnolls
  4 adders
  3 white imps
  An ufetubus (D:5)
  A worm (D:3)
  A dart slug (D:1)
  18 orcs
  6 endoplasms
  A giant cockroach (D:1)
  14 goblins
  7 hobgoblins
  2 jackals (D:2)
  6 quokkas
  9 ball pythons
  6 bats
  4 frilled lizards (D:7)
  12 kobolds
  A quokka skeleton (D:3)
  7 rats
215 creatures vanquished.

Vanquished Creatures (others)
  A shadow (D:9)
  17 fulminant prisms
  2 fungi (D:10)
  9 plants
29 creatures vanquished.

Grand Total: 244 creatures vanquished

Notes
Turn   | Place    | Note
-------+----------+-------------------------------------------
     0 | D:1      | bmoney the Djinni Conjurer began the quest for the Orb.
     0 | D:1      | Reached XP level 1. HP: 15/15 MP: 0/0
   265 | D:1      | Reached XP level 2. HP: 20/22 MP: 0/0
   301 | D:1      | Reached skill level 1 in Fighting
   775 | D:1      | Reached XP level 3. HP: 20/27 MP: 0/0
   775 | D:1      | Learned a level 1 spell: Sandblast
  1199 | D:1      | Found a faded altar of an unknown god.
  1370 | D:2      | Reached skill level 2 in Fighting
  1670 | D:2      | Identified the +9 mace of the Exiled Knives {vorpal,
                  | Fragile rCorr Int+4}
  1941 | D:2      | Reached XP level 4. HP: 31/33 MP: 0/0
  2456 | D:3      | Found a blossoming altar of Fedhas.
  2486 | D:3      | Reached XP level 5. HP: 31/40 MP: 0/0
  2486 | D:3      | Learned a level 2 spell: Corpse Rot
  2600 | D:3      | Reached skill level 3 in Fighting
  3264 | D:4      | Noticed Duvessa
  3265 | D:4      | Noticed Dowan
  3368 | D:4      | Noticed an ogre
  3373 | D:4      | Killed an ogre
  3374 | D:4      | Reached skill level 4 in Fighting
  3374 | D:4      | Reached XP level 6. HP: 30/47 MP: 0/0
  3480 | D:4      | Killed Duvessa
  3481 | D:4      | Reached XP level 7. HP: 28/53 MP: 0/0
  3481 | D:4      | Learned a level 3 spell: Frozen Ramparts
  3631 | D:4      | Killed Dowan
  3632 | D:4      | Reached skill level 5 in Spellcasting
  3783 | D:4      | Reached skill level 5 in Fighting
  3829 | D:4      | Found a broken altar of Ashenzari.
  3843 | D:4      | Noticed Eustachio
  3851 | D:4      | Killed Eustachio
  3865 | D:4      | Reached XP level 8. HP: 45/61 MP: 0/0
  3950 | D:4      | Noticed Sigmund
  3959 | D:4      | Killed Sigmund
  3960 | D:4      | Reached skill level 6 in Fighting
  4587 | D:4      | Identified the +1 robe "Ozoumau" {*Corrode rPois Will++
                  | SInv}
  4683 | D:4      | Became a worshipper of Ashenzari the Shackled
  4721 | D:5      | Entered Level 5 of the Dungeon
  5111 | D:5      | Found a transporter.
  5114 | D:5      | Noticed Jingleheimer's ghost (amateur VSEn)
  5302 | D:5      | Reached skill level 7 in Fighting
  5440 | D:5      | Reached XP level 9. HP: 62/68 MP: 0/0
  5440 | D:5      | Learned a level 4 spell: Olgreb's Toxic Radiance
  5612 | D:5      | Found a transporter.
  5652 | D:5      | Killed Jingleheimer's ghost
  6064 | D:6      | Reached skill level 8 in Fighting
  6439 | D:6      | Found a runed translucent gate.
  6445 | D:6      | Found a runed translucent gate.
  6446 | D:6      | Found a runed translucent gate.
  6473 | D:6      | Noticed Jenx's ghost (novice TrMo)
  6477 | D:6      | Reached * piety under Ashenzari
  6477 | D:6      | Identified the ring of Elyvilon's Grace {Fire rCorr MP-9
                  | Int+4 Slay+5}
  7235 | D:6      | Reached ** piety under Ashenzari
  7815 | D:7      | Noticed a komodo dragon
  7867 | D:7      | Killed a komodo dragon
  7868 | D:7      | Reached skill level 9 in Fighting
  8116 | D:7      | Reached XP level 10. HP: 76/84 MP: 0/0
  8329 | D:7      | Reached *** piety under Ashenzari
  8437 | D:7      | Found a staircase to the Ecumenical Temple.
  8948 | D:8      | Noticed a two-headed ogre
  8958 | D:8      | Killed a two-headed ogre
  8959 | D:8      | Reached skill level 10 in Fighting
 10264 | D:9      | Reached skill level 11 in Fighting
 10323 | D:9      | Reached XP level 11. HP: 72/94 MP: 0/0
 10323 | D:9      | Learned a level 5 spell: Irradiate
 10851 | D:9      | Noticed Maurice
 10860 | D:9      | Killed Maurice
 11209 | D:10     | Entered Level 10 of the Dungeon
 11259 | D:10     | Found a runed translucent gate.
 11260 | D:10     | Found a runed translucent gate.
 11260 | D:10     | Noticed Minsecho's ghost (journeyman OpBr)
 11262 | D:10     | Found a runed translucent gate.
 11351 | D:10     | Noticed a centaur warrior
 11358 | D:10     | Killed a centaur warrior
 11360 | D:10     | Noticed a two-headed ogre
 11362 | D:10     | Reached skill level 12 in Fighting
 11363 | D:10     | Killed a two-headed ogre
 11364 | D:10     | Reached skill level 10 in Spellcasting
 11666 | D:10     | Noticed a sixfirhy
 11986 | D:10     | Found a staircase to the Lair.
 12176 | D:10     | Found a stormy altar of Qazlal.
 12507 | D:10     | Noticed a death knight
 12516 | D:10     | Killed a death knight
 12517 | D:10     | Reached XP level 12. HP: 66/106 MP: 0/0
 12669 | D:10     | Noticed a centaur warrior
 12676 | D:10     | Noticed a centaur warrior
 12676 | D:10     | Shot with an arrow by a centaur warrior

Illustrated notes

Levels and vault maps discovered:
D:1:      erik_arrival_cave_to_civilisation [erik_arrival_cave_to_hall],
          layout_basic, shapermc_ecumenical_altar_acropolis, glass_columns_c
D:2:      layout_basic
D:3:      kennysheep_the_goblin_king, layout_basic, lemuel_doored_altar
D:4:      layout_gridville, nicolae_ashenzari_skybound,
          mainiacjoe_overflow_chevrons, kennysheep_doodads, uniq_eustachio,
          uniq_duvessa, uniq_sigmund
D:5:      layout_loops_corners, gammafunk_ghost_mausoleum
D:6:      layout_layer_cave, gammafunk_ghost_icy
D:7:      layout_basic, temple_hall_moat, minmay_lizard_king
D:8:      layout_loops_cross
D:9:      layout_loops_corners, uniq_maurice
D:10:     minmay_the_grid_3x2 [minmay_the_grid_small_cups,
          minmay_the_grid_box_x, minmay_the_grid_empty,
          minmay_the_grid_minigrid_large, minmay_the_grid_tiny_cups,
          minmay_the_grid_prize_shrinking_boxes], layout_loops_corners,
          mainiacjoe_overflow_concentric_impassable, lair_entry_dummy,
          gammafunk_ghost_nasty_kobolds, uniq_nergalle

Skill      XL: |  1  2  3  4  5  6  7  8  9 10 11 |
---------------+----------------------------------+-----
Fighting       | 1 2 4 5 7 9 11 12 | 12.8
Spellcasting   | 4 5 6 7 9 10 | 10.6
Dodging        | |  2.1
Stealth        | |  1.5

Action                   |  1- 3 |  4- 6 |  7- 9 | 10-12 || total
-------------------------+-------+-------+-------+-------++-------
 Cast: Magic Dart        |    75 |    55 |   124 |   116 ||   370
       Searing Ray       |       |     2 |       |       ||     2
       Iskenderun's Myst |       |     4 |    10 |    17 ||    31
       Fulminant Prism   |       |     2 |     8 |     7 ||    17
       Dazzling Flash    |       |     2 |       |       ||     2
       Corpse Rot        |       |     1 |     3 |       ||     4
       Sandblast         |       |       |    45 |    54 ||    99
       Frozen Ramparts   |       |       |     9 |    14 ||    23
       Olgreb's Toxic Ra |       |       |     2 |    24 ||    26
       Irradiate         |       |       |       |     3 ||     3
Invok: Curse Item        |       |       |     3 |     2 ||     5
  Use: Potion            |       |       |       |     3 ||     3
       Scroll            |       |       |       |     1 ||     1
Armor: Robe              |     4 |     2 |     3 |     4 ||    13
Dodge: Dodged            |     5 |    12 |    19 |    32 ||    68
